 Dungeon Crawl Stone Soup version 0.28-a0-1616-g050a50673c (webtiles) character file.

Game seed: 896400485074088518

27941 hashsling the Severer (level 13, -5/133 HPs)
             Began as a Hill Orc Fighter on Jan 22, 2022.
             Was a High Priest of Okawaru.
             Slain by an eight-headed hydra (7 damage)
             ... on level 13 of the Dungeon.
             The game lasted 00:27:43 (17496 turns).

hashsling the Severer (Hill Orc Fighter)           Turns: 17496, Time: 00:27:44

Health: -5/133     AC: 28    Str: 30    XL:     13   Next: 35%
Magic:  13/13      EV:  9    Int:  8    God:    Okawaru [*****.]
Gold:   659        SH:  0    Dex: 13    Spells: 12/12 levels left

rFire   . . .      SeeInvis +   E - +5 battleaxe
rCold   . . .      Faith    +   (shield currently unavailable)
rNeg    . . .      Spirit   .   R - +8 chain mail "Pemuoz" {rElec Dex+3 Slay-6 SInv}
rPois   .          Reflect  .   C - +2 hat
rElec   +          Harm     .   (no cloak)
rCorr   .          Rampage  .   v - +0 pair of gloves
Will    .....                   y - +0 pair of boots
Stlth   ..........              e - amulet of faith
HPRegen 0.32/turn               s - +6 ring of strength
MPRegen 0.13/turn               u - +4 ring of protection

@: no status effects
A: no striking features
a: Renounce Religion, Heroism, Finesse, Duel


You were on level 13 of the Dungeon.
You worshipped Okawaru.
Okawaru was extremely pleased with you.
You visited 2 branches of the dungeon, and saw 14 of its levels.

You collected 895 gold pieces.
You spent 236 gold pieces at shops.

Inventory:

Hand Weapons
 E - a +5 battleaxe (weapon)
 Q - a +2 vorpal executioner's axe
Missiles
 J - a throwing net (quivered)
Armour
 c - a +0 buckler
 v - a +0 pair of gloves (worn)
 y - a +0 pair of boots (worn)
 C - a +2 hat (worn)
 R - the +8 chain mail "Pemuoz" (worn) {rElec Dex+3 Slay-6 SInv}
   (Okawaru gifted it to you on level 12 of the Dungeon)

   Dex:       It affects your dexterity (+3).
   Slay:      It affects your accuracy & damage with ranged weapons and melee
   (-6).
   rElec:     It insulates you from electricity.
   SInv:      It lets you see invisible.
Jewellery
 a - a ring of flight
 e - an amulet of faith (around neck)
 s - a +6 ring of strength (left hand)
 u - a +4 ring of protection (right hand)
 F - a +6 ring of dexterity
 H - a ring of ice
Wands
 b - a wand of iceblast (2)
 i - a wand of mindburst (3)
 w - a wand of digging (6)
 M - a wand of polymorph (7)
Scrolls
 f - 9 scrolls of identify
 g - 2 scrolls of amnesia
 k - 10 scrolls of teleportation
 p - 4 scrolls of fear
 A - a scroll of fog {unknown}
 B - a scroll of brand weapon {unknown}
 D - a scroll of torment {unknown}
 K - a scroll of holy word {unknown}
 L - 2 scrolls of immolation
 N - a scroll of blinking {unknown}
 O - 2 scrolls of enchant weapon {unknown}
 P - a scroll of vulnerability {unknown}
Potions
 d - a potion of ambrosia {unknown}
 h - a potion of heal wounds
 j - a potion of invisibility {unknown}
 l - a potion of berserk rage {unknown}
 m - 8 potions of curing
 o - 3 potions of lignification {unknown}
 q - 2 potions of cancellation {unknown}
 r - a potion of resistance {unknown}
 t - 2 potions of flight
 x - 2 potions of attraction
 z - 3 potions of haste
 G - a potion of magic {unknown}
 I - a potion of might


   Skills:
 * Level 17.4 Fighting
 * Level 18.7 Axes
 - Level 10.0 Armour
 - Level 3.5 Shields


You had 12 spell levels left.
You didn't know any spells.
Your spell library contained the following spells:

 Spells                   Type           Power      Damage    Failure   Level
 Beastly Appendage        Tmut           0%         N/A       86%         1
 Magic Dart               Conj           0%         1d3       86%         1
 Slow                     Hex            0%         N/A       86%         1
 Corpse Rot               Necr/Air       0%         N/A       95%         2
 Ensorcelled Hibernation  Hex/Ice        0%         N/A       95%         2
 Poisonous Vapours        Pois/Air       0%         N/A       95%         2
 Searing Ray              Conj           0%         2d4       95%         2
 Wereblood                Tmut           0%         N/A       95%         2
 Confusing Touch          Hex            0%         N/A       99%         3
 Dazzling Flash           Conj/Hex       0%         N/A       99%         3
 Spider Form              Tmut/Pois      0%         N/A       99%         3
 Vampiric Draining        Necr           0%         2d6       99%         3
 Anguish                  Hex/Necr       0%         N/A       100%        4
 Fulminant Prism          Conj/Hex       0%         3d6       100%        4
 Olgreb's Toxic Radiance  Pois           0%         N/A       100%        4
 Passage of Golubria      Tloc           0%         N/A       100%        4
 Agony                    Necr           0%         N/A       100%        5
 Silence                  Hex/Air        0%         N/A       100%        5
 Yara's Violent Unravell  Hex/Tmut       0%         3d3       100%        5
 Ozocubu's Refrigeration  Ice            0%         4d5       100%        7
 Ignition                 Fire           0%         3d3       100%        8
 Tukima's Dance           Hex            Unusable   N/A       N/A         3

Dungeon Overview and Level Annotations

Branches:
Dungeon (13/15)            Temple (1/1) D:7            Lair (0/6) D:8
    Orc (0/2) D:11
 Vaults: D:13-14

Altars:
Ashenzari
Cheibriados
Dithmenos
Elyvilon
Fedhas
Gozag
Hepliaklqana
Kikubaaqudgha
Makhleb
Nemelex Xobeh
Okawaru
Qazlal
Ru
Sif Muna
Trog
Uskayaw
Vehumet
Wu Jian
Xom
Yredelemnul
Zin
The Shining One

Shops:
D:6 (   D:8 (*   D:11 [   D:12 =

Annotations:
D:7 3 runed translucent doors, Bediveer's ghost, novice MiFi; Pin's ghost, novice HOFi; flotson's ghost, amateur DsGl; swinepaste's ghost, novice DEFE


Message History

* * * LOW HITPOINT WARNING * * *
The eight-headed hydra bites you!
* * * LOW HITPOINT WARNING * * *
The eight-headed hydra bites you but does no damage.
Aiming: Mindburst
Press: ? - help, Shift-Dir - straight line, f/p - eight-headed hydra
Aim: an eight-headed hydra (severely wounded, covered in acid, chance to affect: 29%)
The eight-headed hydra easily resists.
The eight-headed hydra bites you but does no damage.
The eight-headed hydra completely misses you.
The eight-headed hydra bites you but does no damage.
The eight-headed hydra barely misses you.
The eight-headed hydra bites you but does no damage.
The eight-headed hydra bites you.
* * * LOW HITPOINT WARNING * * *
The eight-headed hydra bites you!
* * * LOW HITPOINT WARNING * * *
The eight-headed hydra bites you but does no damage.
Aiming: Mindburst
Press: ? - help, Shift-Dir - straight line, f/p - eight-headed hydra
Aim: an eight-headed hydra (severely wounded, covered in acid, chance to affect: 29%)
The eight-headed hydra easily resists.
The eight-headed hydra closely misses you.
The eight-headed hydra bites you but does no damage.
The eight-headed hydra closely misses you.
The eight-headed hydra bites you but does no damage.
The eight-headed hydra bites you!
* * * LOW HITPOINT WARNING * * *
The eight-headed hydra bites you but does no damage.
The eight-headed hydra closely misses you.
The eight-headed hydra bites you but does no damage.
Aiming: Mindburst
Press: ? - help, Shift-Dir - straight line, f/p - eight-headed hydra
Aim: an eight-headed hydra (severely wounded, covered in acid, chance to affect: 29%)
The eight-headed hydra easily resists.
The eight-headed hydra is no longer covered in acid.
The eight-headed hydra closely misses you.
The eight-headed hydra bites you but does no damage. x4
The eight-headed hydra bites you!
You die...

#.# #.≈# ## #.#
##.###.# #.#
##.≈#.# #.# #†≈≈.#
# #.# #.≈≈.# # #.#
##.≈.## #.# #.≈≈.#
#.# ##.≈D##
#########.###.≈≈@#
..........##)≈..##
############≈.###
#≈.≈# #.≈.# #.≈.#
#.≈≈≈ ##.≈# ..##


You could see an eight-headed hydra.

Vanquished Creatures
  Josephine (D:11)
  3 boulder beetles
  Erolcha (D:10)
  Fannar (D:12)
  Erica (D:8)
  A tengu warrior (D:13)
  2 two-headed ogres (D:12)
  Urug (D:10)
  Sonja (D:12)
  6 skeletal warriors
  Pikel (D:5)
  A wizard (D:10)
  2 deep elf pyromancers
  An ugly thing (D:8)
  A manticore (D:13)
  Maurice (D:12)
  5 cyclopes
  3 demonic crawlers (D:13)
  2 komodo dragons
  An unseen horror (D:11)
  2 kobold demonologists
  6 trolls
  A hornet (D:9)
  A raiju (shapeshifter) (D:13)
  3 wraiths (D:11)
  A vampire (D:11)
  2 wyverns (D:9)
  13 yaks
  A steam dragon (D:4)
  4 vampire mosquitoes (D:13)
  3 wargs (D:11)
  4 water moccasins
  Duvessa (D:5)
  Menkaure (D:5)
  An acid dragon (D:9)
  3 orc warriors
  2 black bears
  A hornet zombie (D:8)
  2 necrophages
  A sky beast (D:5)
  3 ogres
  15 centaurs
  A phantom (D:5)
  4 kobold brigands
  2 lemures (D:5)
  Blork the orc (D:4)
  4 bullfrogs
  3 gnoll sergeants
  3 scorpions
  Dowan (D:5)
  8 killer bees
  4 wights
  A howler monkey (shapeshifter) (D:13)
  2 bullfrog zombies
  4 howler monkeys
  6 centaur zombies
  2 jellies
  A gnoll shaman (D:7)
  5 orc priests
  2 hounds
  A bullfrog skeleton (D:5)
  2 iguanas
  4 orc wizards
  2 killer bee zombies
  2 hound skeletons (D:4)
  10 gnolls
  5 adders
  A howler monkey skeleton (D:7)
  2 white imps
  2 worms
  42 orcs
  A ball python (D:4)
  5 bats
  3 endoplasms
  A giant cockroach (D:4)
  9 goblins
  5 hobgoblins
  4 jackals (D:2)
  12 kobolds
  A quokka (D:3)
  2 frilled lizards (D:1)
  5 rats
282 creatures vanquished.

Vanquished Creatures (others)
  41 fungi (D:8)
  43 plants (D:8)
84 creatures vanquished.

Grand Total: 366 creatures vanquished

Notes
Turn   | Place    | Note
-------+----------+-------------------------------------------
     0 | D:1      | hashsling the Hill Orc Fighter began the quest for the Orb.
     0 | D:1      | Reached XP level 1. HP: 19/19 MP: 1/1
   116 | D:1      | Found a faded altar of an unknown god.
   220 | D:1      | Reached skill level 3 in Axes
   220 | D:1      | Reached XP level 2. HP: 26/27 MP: 2/2
  1527 | D:2      | Reached XP level 3. HP: 31/33 MP: 3/3
  1768 | D:3      | Identified the +4 ring mail "Tiliudu" {Str+4}
  1774 | D:3      | Reached XP level 4. HP: 31/41 MP: 4/4
  1891 | D:3      | Reached skill level 4 in Axes
  2680 | D:4      | Noticed Blork the orc
  2690 | D:4      | Killed Blork the orc
  2691 | D:4      | Reached skill level 5 in Fighting
  2691 | D:4      | Reached skill level 5 in Axes
  2691 | D:4      | Reached XP level 5. HP: 7/48 MP: 5/5
  3144 | D:4      | Noticed a necrophage
  3152 | D:4      | Killed a necrophage
  3153 | D:4      | Reached XP level 6. HP: 57/57 MP: 6/6
  3230 | D:4      | Noticed a steam dragon
  3238 | D:4      | Killed a steam dragon
  3239 | D:4      | Reached skill level 6 in Axes
  3564 | D:4      | Reached XP level 7. HP: 57/64 MP: 7/7
  3670 | D:5      | Entered Level 5 of the Dungeon
  3682 | D:5      | Reached skill level 7 in Axes
  3870 | D:5      | Reached skill level 5 in Armour
  3870 | D:5      | Reached XP level 8. HP: 5/73 MP: 8/8
  4351 | D:5      | Noticed Dowan
  4352 | D:5      | Noticed Duvessa
  4356 | D:5      | Reached skill level 8 in Axes
  4362 | D:5      | Killed Duvessa
  4372 | D:5      | Killed Dowan
  4734 | D:5      | Noticed Pikel
  4743 | D:5      | Killed Pikel
  4744 | D:5      | Reached skill level 10 in Axes
  4744 | D:5      | Reached XP level 9. HP: 68/84 MP: 9/9
  4993 | D:5      | Noticed Menkaure
  5000 | D:5      | Killed Menkaure
  5722 | D:6      | Reached skill level 10 in Fighting
  5733 | D:6      | Found Padwecan's Antique Weapon Emporium.
  6330 | D:6      | Reached skill level 11 in Axes
  7214 | D:7      | Noticed a troll
  7221 | D:7      | Killed a troll
  7222 | D:7      | Reached skill level 12 in Axes
  7308 | D:7      | Reached XP level 10. HP: 85/96 MP: 10/10
  7531 | D:7      | Found a staircase to the Ecumenical Temple.
  7561 | Temple   | Entered the Ecumenical Temple
  7737 | Temple   | Became a worshipper of Warmaster Okawaru
  8556 | D:7      | Found a runed translucent gate.
  8556 | D:7      | Found a runed translucent gate.
  8556 | D:7      | Found a runed translucent gate.
  8556 | D:7      | Noticed Bediveer's ghost (novice MiFi)
  8556 | D:7      | Noticed flotson's ghost (amateur DsGl)
  8557 | D:7      | Noticed Pin's ghost (novice HOFi)
  8557 | D:7      | Noticed swinepaste's ghost (novice DEFE)
  8927 | D:8      | Found Bitwilupp's Fire Supplies.
  8933 | D:8      | Bought a +2 chain mail of fire resistance for 236 gold
                  | pieces
  9021 | D:8      | Noticed Erica
  9028 | D:8      | Reached * piety under Okawaru
  9039 | D:8      | Reached skill level 13 in Axes
  9043 | D:8      | Killed Erica
  9077 | D:8      | Found a staircase to the Lair.
  9082 | D:8      | Reached ** piety under Okawaru
  9674 | D:8      | Found Zops's Weapon Emporium.
  9808 | D:8      | Noticed a brown ugly thing
  9818 | D:8      | Killed a brown ugly thing
  9818 | D:8      | Reached *** piety under Okawaru
  9941 | D:8      | Found a sparkling altar of Nemelex Xobeh.
 10342 | D:8      | Reached skill level 14 in Axes
 10593 | D:9      | Reached XP level 11. HP: 93/107 MP: 11/11
 11537 | D:10     | Entered Level 10 of the Dungeon
 12094 | D:10     | Noticed a wizard
 12101 | D:10     | Killed a wizard
 12101 | D:10     | Reached **** piety under Okawaru
 12184 | D:10     | Noticed a cyclops
 12186 | D:10     | Noticed Urug
 12189 | D:10     | Killed a cyclops
 12232 | D:10     | Killed Urug
 12233 | D:10     | Reached skill level 15 in Axes
 13046 | D:10     | Noticed Erolcha
 13066 | D:10     | Killed Erolcha
 13398 | D:11     | Noticed Josephine
 13411 | D:11     | Killed Josephine
 13411 | D:11     | Reached ***** piety under Okawaru
 13582 | D:11     | Reached skill level 15 in Fighting
 13582 | D:11     | Reached skill level 16 in Axes
 13582 | D:11     | Reached XP level 12. HP: 76/119 MP: 9/12
 13964 | D:11     | Found Ecriz's Armour Shoppe.
 13967 | D:11     | Noticed a boulder beetle
 13982 | D:11     | Killed a boulder beetle
 13982 | D:11     | Received a gift from Okawaru
 14047 | D:11     | Found a staircase to the Orcish Mines.
 14527 | D:12     | Noticed Maurice
 14536 | D:12     | Killed Maurice
 14646 | D:12     | Noticed Fannar
 14661 | D:12     | Killed Fannar
 14705 | D:12     | Identified the +8 chain mail "Pemuoz" {rElec Dex+3 Slay-6
                  | SInv} (Okawaru gifted it to you on level 12 of the Dungeon)
 14705 | D:12     | Received a gift from Okawaru
 14706 | D:12     | Reached skill level 17 in Axes
 15143 | D:12     | Noticed a two-headed ogre
 15154 | D:12     | Killed a two-headed ogre
 15380 | D:12     | Found Pixeu's Jewellery Boutique.
 15547 | D:12     | Noticed a two-headed ogre
 15557 | D:12     | Killed a two-headed ogre
 15625 | D:12     | Noticed Sonja
 15639 | D:12     | Killed Sonja
 16293 | D:13     | Noticed a boulder beetle
 16309 | D:13     | Killed a boulder beetle
 16310 | D:13     | Reached skill level 10 in Armour
 16310 | D:13     | Reached XP level 13. HP: 109/130 MP: 13/13
 16416 | D:13     | Reached skill level 18 in Axes
 17093 | D:13     | Found a snail-covered altar of Cheibriados.
 17495 | D:13     | HP: 1/133 [eight-headed hydra (11)]
 17496 | D:13     | Slain by an eight-headed hydra

Illustrated notes

Levels and vault maps discovered:
D:1:      minmay_arrival_stone_box, layout_loops_cross,
          dreamdust_ecumenical_altar_angels_and_demons
D:2:      layout_basic, serial_curves, eino_curves_02, eino_curves_01,
          eino_curves_03, eino_curves_01
D:3:      layout_rooms, uniq_crazy_yiuf_cottage
D:4:      layout_layer_cave, uniq_blork_the_orc
D:5:      layout_basic, hangedman_decor_opposing, uniq_pikel, uniq_duvessa,
          uniq_menkaure
D:6:      layout_basic, serial_shops, nicolae_shop_advertising_works
          [nicolae_subvault_shop_adworks], minmay_puff
D:7:      layout_basic, minmay_temple_entry_junction, gammafunk_ghost_cemetery
D:8:      layout_layer_cave, nicolae_overflow_hidden_temple,
          due_lair_maze_entry_diamond, serial_shops,
          nicolae_shop_bloodbath_and_beyond, nicolae_shop_fire_sale
          [nicolae_sub_dead_trees], kennysheep_generic_room_14, uniq_erica
D:9:      minmay_razor_zed, layout_basic, kennysheep_small_square
D:10:     layout_basic, minmay_librarian, uniq_erolcha, uniq_urug
D:11:     layout_roguey, minmay_orc_entry_guard_dogs, serial_shops,
          nicolae_shop_waterfront, corexii_leaking_fountain, uniq_josephine
D:12:     layout_long_grid, serial_shops, nicolae_take_the_stairs, uniq_maurice,
          uniq_sonja, uniq_fannar
D:13:     cheibrodos_hippocracy, layout_basic, cheibriados_altar_1
Temple:   mainiacjoe_temple_starburst

Skill      XL: |  1  2  3  4  5  6  7  8  9 10 11 12 13 |
---------------+----------------------------------------+-----
Axes           | 3 5 6 7 10 12 14 16 17 18 | 18.7
Fighting       | 4 5 6 7 9 11 13 15 16 17 | 17.4
Armour         | 4 5 6 7 8 10 | 10.0
Shields        | |  3.5

Action                   |  1- 3 |  4- 6 |  7- 9 | 10-12 | 13-15 || total
-------------------------+-------+-------+-------+-------+-------++-------
Melee: War axe           |    35 |       |       |       |       ||    35
       Battleaxe         |    31 |    88 |   198 |   439 |   124 ||   880
       Broad axe         |       |       |    13 |       |       ||    13
       Unarmed           |       |       |       |     5 |       ||     5
Invok: Heroism           |       |       |       |     8 |     1 ||     9
Evoke: Wand              |       |       |       |     3 |     7 ||    10
  Use: Potion            |       |     1 |     2 |       |     1 ||     4
       Scroll            |       |       |       |     9 |       ||     9
Armor: Scale mail        |    24 |       |       |       |       ||    24
       Ring mail         |       |    61 |   150 |    28 |       ||   239
       Chain mail        |       |       |       |   265 |   111 ||   376
Dodge: Dodged            |    38 |    59 |   134 |   206 |    53 ||   490
Block: Buckler           |     9 |       |     2 |       |       ||    11

Table legend: (Time is in decaauts)
 A = Elapsed time spent in this place.
 B = Non-inter-level travel time spent in this place.
 C = Inter-level travel time spent in this place.
 D = Time resting spent in this place.
 E = Time spent auto-exploring this place.
 F = Levels seen in this place.
 G = Mean time per level.
                   A        B        C        D        E       F      G
               +--------+--------+--------+--------+--------+-----+--------+
         Total |  17552 |  17093 |    459 |      0 |  14883 |  14 | 1253.7 |
       Dungeon |  16957 |  16570 |    387 |      0 |  14380 |  13 | 1304.4 |
        Temple |    595 |    523 |     72 |      0 |    503 |   1 |  595.0 |
               +--------+--------+--------+--------+--------+-----+--------+

Top non-repeatable levels by time:
    D:12: 2015 daAuts
     D:5: 1946 daAuts
     D:8: 1803 daAuts
    D:10: 1643 daAuts
     D:7: 1428 daAuts
     D:4: 1367 daAuts
    D:13: 1250 daAuts
     D:6: 1068 daAuts
     D:9: 1067 daAuts
    D:11: 993 daAuts
     D:2: 891 daAuts
     D:1: 851 daAuts
     D:3: 629 daAuts
  Temple: 595 daAuts
